Map: Acid Plant LE

Players

СИНТОЛ

  • Race: Terran Terran
  • League: Diamond
  • Spawn Location: 5:00

DerZerFetzer - Winner!

  • Race: Zerg Zerg
  • League: Master
  • Spawn Location: 11:00

VOD

Have the link to the VOD?

Description

zvt 6ling,3ravager,macro vs very defensive early tank

Time

  • Played on: Feb. 12, 2018, 8:16 a.m.
  • Length: 12:51
Show
View Real Time Build Order
Export as new Build Order

СИНТОЛ Terran 

Build Orders: Bio Tank 

Get SALT Encoding   

  12  0:01  SCV  
  13  0:15  SCV  
  13  0:20  Supply Depot  
  14  0:25  Refinery  
  14  0:28  SCV  
  15  0:42  SCV  
  16  0:47  Barracks  
  16  0:54  SCV  
  17  1:06  SCV  
  18  1:18  SCV  
  20  1:35  Orbital Command  
  20  1:36  Reaper  
  20  1:55  Supply Depot  
  20  2:05  SCV  
  20  2:06  Factory  
  21  2:10  Refinery  
  21  2:12  Barracks Reactor  
  21  2:21  SCV  
  21  2:33  SCV  
  22  2:39  Command Center  
  22  2:44  Bunker  
  22  2:47  SCV  
  23  2:52  Factory Tech Lab  
  23  2:55  Marine x2  
  25  3:01  Bunker  
  25  3:11  Siege Tank  
  28  3:18  Marine  
  28  3:19  Marine  
  30  3:21  SCV  
  28  3:36  Marine x2  
  28  3:51  Supply Depot  
  28  3:54  Marine x2  
  30  4:04  Starport  
  30  4:10  Orbital Command  
  30  4:13  Siege Tank  
  33  4:26  Barracks Tech Lab  
  33  4:27  Barracks  
  33  4:34  SCV  
  33  4:37  Barracks  
  34  4:41  Medivac  
  36  4:46  SCV  
  36  4:51  Orbital Command  
  37  4:56  Marine, Stimpack  
  38  5:04  Supply Depot  
  38  5:21  Starport Reactor  
  38  5:26  SCV  
  39  5:29  SCV  
  39  5:33  Supply Depot  
  40  5:38  SCV  
  40  5:39  Marine x2  
  43  5:44  Command Center  
  43  5:48  Barracks Reactor  
  43  5:55  SCV x2  
  45  5:58  Supply Depot  
  44  6:15  SCV x2  
  42  6:22  Refinery x2  
  38  6:27  SCV x2  
  38  6:29  Supply Depot  
  38  6:31  Marine x2  
  42  6:39  SCV x2  
  44  6:40  Engineering Bay x2  
  44  6:49  Marine x3  
  44  6:51  SCV x2  
  44  6:53  Supply Depot  
  49  6:54  Viking x2  
  49  6:57  Orbital Command  
  53  7:03  SCV x2  
  55  7:15  SCV  
  56  7:16  Barracks, Terran Infantry Armor Level 1  
  56  7:17  Terran Infantry Weapons Level 1  
  56  7:20  Barracks  
  56  7:21  SCV  
  57  7:24  Viking, SCV  
  57  7:27  SCV  
  61  7:30  Marine x5  
  61  7:34  SCV  
  61  7:36  SCV, Supply Depot  
  68  7:39  SCV  
  68  7:40  Siege Tank  
  72  7:46  SCV  
  72  7:48  SCV  
  74  7:55  SCV  
  74  7:57  Medivac x2  
  74  7:58  SCV, Factory  
  80  8:00  Marine x2  
  80  8:01  Marine  
  83  8:05  Barracks Reactor  
  83  8:07  SCV  
  83  8:10  Barracks Reactor, Orbital Command  
  84  8:16  Combat Shields  
  84  8:17  Marine x2  
  84  8:18  Marine x2  
  84  8:19  Marine  
  89  8:22  SCV  
  90  8:27  Medivac  
  90  8:31  Armory  
  90  8:32  SCV, Supply Depot  
  90  8:34  SCV  
  94  8:35  Marine  
  94  8:38  Marine x4  
  99  8:43  SCV  
  99  8:44  SCV  
  101  8:50  Factory Tech Lab  
  101  8:53  Siege Tank, Marine x5  
  109  9:00  Supply Depot  
  109  9:01  Supply Depot  
  109  9:02  Supply Depot  
  109  9:06  Bunker  
  109  9:19  SCV  
  109  9:20  SCV  
  109  9:21  Marine x2  
  109  9:22  Medivac x2  
  115  9:24  Siege Tank  
  115  9:25  Siege Tank  
  115  9:30  Marine x2  
  115  9:31  SCV, Marine x2  
  125  9:32  SCV  
  125  9:34  Barracks  
  125  9:37  Liberator  
  127  9:38  Supply Depot  
  127  9:40  Supply Depot  
  127  9:41  Command Center  
  127  9:43  Refinery  
  127  9:44  Supply Depot  
  127  9:55  Medivac  
  127  9:57  Barracks  
  127  9:58  Barracks  
  131  10:11  SCV x3  
  131  10:15  Marine x3  
  131  10:16  Marauder, Siege Tank, Marine  
  136  10:23  SCV x2  
  136  10:25  Medivac  
  96  10:52  Siege Tank  
  96  10:53  Siege Tank  
  102  11:01  Marine x5  
  102  11:02  Marine  
  108  11:05  Barracks Tech Lab  
  108  11:06  Barracks Tech Lab x2  
  108  11:08  Marine  
  108  11:09  Marine x2  
  111  11:13  Command Center x3  
  111  11:19  Marine x5  
  111  11:22  Medivac x2  
  111  11:23  Marine  
  111  11:24  Siege Tank  
  124  11:25  Siege Tank  
  124  11:26  Marine  
  128  11:39  Marauder x2, Marine x3  
  137  11:40  Marauder  
  137  11:46  Marine x2  
  138  11:47  Marauder  
  118  12:01  Marine  
  118  12:02  Marine  
  107  12:09  Marauder x2, Marine  
  107  12:10  Marauder, Marine x3  
  104  12:31  Marine x4  
  104  12:32  Marine x4  
Show
View Real Time Build Order
Export as new Build Order

DerZerFetzer Zerg - Winner!

Build Orders: Pool First 

Get SALT Encoding   

  12  0:01  Drone  
  13  0:12  Drone  
  14  0:18  Extractor, Drone  
  14  0:37  Spawning Pool  
  14  0:42  Overlord  
  13  0:46  Drone  
  14  1:00  Drone  
  14  1:01  Drone  
  16  1:24  Zergling x2  
  16  1:25  Zergling x2  
  18  1:26  Zergling x2  
  18  1:31  Roach Warren  
  18  1:34  Queen  
  20  1:42  Overlord  
  20  2:11  Roach  
  20  2:12  Roach x2  
  25  2:34  Ravager x2  
  25  2:35  Ravager  
  28  2:45  Overlord  
  28  2:48  Drone  
  29  2:51  Hatchery, Drone  
  29  3:03  Overlord  
  29  3:05  Drone x2  
  31  3:16  Queen  
  33  3:46  Drone x4  
  35  3:57  Drone x3  
  38  4:04  Queen  
  38  4:05  Drone x2  
  42  4:16  Drone x2  
  44  4:28  Hatchery  
  44  4:31  Drone x5  
  48  4:37  Drone  
  50  4:52  Drone  
  50  4:54  Drone x2  
  50  4:57  Extractor  
  50  4:59  Extractor  
  50  5:05  Evolution Chamber, Zergling x2  
  50  5:06  Zergling x4  
  52  5:08  Overlord x3  
  52  5:09  Evolution Chamber  
  52  5:11  Baneling Nest  
  50  5:18  Drone  
  51  5:23  Lair  
  51  5:24  Drone  
  51  5:28  Spore Crawler  
  51  5:31  Spore Crawler  
  51  5:33  Drone x2  
  52  5:45  Drone x2  
  52  5:47  Queen, Drone x2  
  58  5:56  Zergling x2  
  59  5:57  Zergling x14  
  62  6:17  Zergling x2  
  62  6:18  Zergling x14  
  68  6:23  Centrifical Hooks  
  68  6:25  Zerg Melee Weapons Level 1  
  68  6:28  Drone x5  
  73  6:39  Metabolic Boost  
  73  6:43  Drone  
  73  6:44  Drone  
  73  6:45  Infestation Pit  
  73  6:46  Drone x2  
  73  6:47  Drone  
  77  6:51  Spore Crawler  
  76  7:04  Drone x6  
  82  7:16  Overlord x4  
  82  7:17  Overlord  
  82  7:18  Zerg Ground Armor Level 1  
  82  7:24  Hive  
  82  7:35  Pathogen Glands  
  82  7:49  Zergling x14  
  82  7:50  Zergling x14  
  96  7:53  Baneling x6  
  96  7:54  Zergling x2  
  96  7:55  Zergling x4  
  99  8:07  Extractor  
  99  8:11  Overlord  
  99  8:12  Overlord  
  98  8:13  Overlord  
  98  8:14  Overlord  
  98  8:30  Zergling x26  
  98  8:33  Baneling x10  
  98  8:34  Baneling x4  
  111  8:46  Extractor x2, Drone x3  
  111  8:47  Drone x2  
  111  8:48  Drone  
  115  8:53  Adrenal Glands  
  115  9:00  Zergling x16  
  123  9:13  Zergling x10  
  127  9:27  Zerg Melee Weapons Level 2  
  127  9:29  Ultralisk Cavern  
  126  9:33  Zerg Ground Armor Level 2  
  125  10:04  Overlord x2  
  125  10:05  Overlord x5  
  125  10:06  Overlord x2  
  125  10:13  Spire  
  120  10:21  Zergling x2  
  103  10:34  Zergling x2  
  103  10:35  Zergling x32  
  96  10:43  Chitinous Plating  
  79  11:16  Hatchery  
  79  11:17  Extractor  
  79  11:18  Ultralisk x2  
  83  11:19  Extractor, Ultralisk  
  83  11:20  Zergling x2  
  83  11:21  Zergling x12  
  101  11:41  Baneling  
  101  11:42  Baneling x13  
  101  11:45  Corruptor  
  101  11:46  Corruptor x2  
  104  12:01  Zergling x22  
  95  12:32  Hatchery  
Tags
 
Composition
Bio Tank
Matchup
TvZ
Opening
Pool First
Spawn Locations
Cross Positions
Add a new tag
Caveats
  • Supply blocks, unpowered buildings, or Contaminate may cause inaccurate times.
  • Supply counts are checked every 10 seconds.